 Dungeon Crawl Stone Soup version 0.25-a0-413-g3b4b6a4ccc (webtiles) character file.

Game seed: 16875487013414590429, levelgen mode: deterministic

0 MrRokkomies the Ducker (level 1, 0/11 HPs)
             Began as a Spriggan Abyssal Knight on Jan 17, 2020.
             Was a Follower of Lugonu.
             Slain by a starspawn tentacle (2 damage)
             ... attached to a tentacled starspawn
             ... on level 1 of the Abyss.
             The game lasted 00:00:08 (48 turns).

MrRokkomies the Ducker (Spriggan Abyssal Knight)      Turns: 48, Time: 00:00:09

Health: 0/11       AC:  2    Str:  8    XL:     1   Next: 0%
Magic:  3/3        EV: 15    Int: 13    God:    Lugonu [*.....]
Gold:   0          SH:  0    Dex: 15    Spells: 0/0 levels left

rFire    . . .     SeeInvis +   a - +1 short sword
rCold    . . .     Gourm    .   (shield restricted)
rNeg     . . .     Faith    .   b - +0 robe
rPois    .         Spirit   .   (helmet restricted)
rElec    .         Reflect  .   (no cloak)
rCorr    .         Harm     .   (gloves unavailable)
MR       .....                  (boots unavailable)
Stlth    +.........             (no amulet)
HPRegen  0.03/turn              (no ring)
MPRegen  0.08/turn              (no ring)

@: constricted, lightly drained, very quick
A: very small, unfitting armour, see invisible, herbivore, speed 3, slow
metabolism 2
a: Depart the Abyss, Renounce Religion


You were on level 1 of the Abyss.
You worshipped Lugonu.
Lugonu was aware of your devotion.
You were not hungry.

You visited 0 branches of the dungeon, and saw 0 of its levels.
You visited the Abyss 1 time.

Inventory:

Hand Weapons
 a - a +1 short sword (weapon)
Armour
 b - a +0 robe (worn)
Comestibles
 c - a ration


   Skills:
 + Level 2.4(2.1) Fighting
 + Level 2.1(1.9) Short Blades
 + Level 3.5(3.2) Dodging
 + Level 1.7(1.5) Invocations


You couldn't memorise any spells.
You didn't know any spells.
Your spell library was empty.

Dungeon Overview and Level Annotations

Branches:
Dungeon (0/15)

Altars:


Innate Abilities, Weirdness & Mutations

You are very small and have problems with some larger weapons.
You are too small for most types of armour.
You have supernaturally acute eyesight. (SInv)
You are a herbivore.
You cover ground extremely quickly.
You need to consume almost no food.


Message History

The starspawn tentacle loses its grip on you.
A starspawn tentacle segment comes into view.
You hit the starspawn tentacle but do no damage.
The starspawn tentacle barely misses you.
You hit the starspawn tentacle.
The starspawn tentacle is lightly damaged.
The starspawn tentacle misses you.
You completely miss the starspawn tentacle.
The starspawn tentacle is lightly damaged.
The +2 short sword of draining hits you.
* * * LOW HITPOINT WARNING * * *
You feel drained.
* * * LOW HITPOINT WARNING * * *
The starspawn tentacle misses you.
The +2 short sword of draining barely misses you.
Unknown command.
Unknown command.
The starspawn tentacle barely misses you.
The starspawn tentacle grabs you.
You die...

.# ## . . .. #
.. .####... #.
.....#.### ..
##.#..#...
####.#.....Λ.###
........##/.\#.#
#@#/...\.###
#.#.#w(.##\...#
##...#.X──#>.#
#...##.#..V..
##.#.###..#.##
#. # #..#..# .#
###...# ## ....#
#..#.##......


You could see a tentacled starspawn, a starspawn tentacle and a +2 short sword
of draining.

Vanquished Creatures (others)
  A starspawn tentacle (Abyss:1)
1 creature vanquished.

Notes
Turn   | Place    | Note
-------+----------+-------------------------------------------
     0 | Abyss:1  | MrRokkomies the Spriggan Abyssal Knight began the quest for
                  | the Orb.
     0 | Abyss:1  | Reached XP level 1. HP: 11/11 MP: 3/3
    32 | Abyss:1  | Noticed a +2 short sword of draining
    35 | Abyss:1  | Noticed a tentacled starspawn
    48 | Abyss:1  | Slain by a starspawn tentacle

Levels and vault maps discovered:
Abyss:1:  abyss_furniture_001

Action                   || total
-------------------------++-------
Melee: Short sword       ||     4
Dodge: Dodged            ||     5

Table legend:
 A = Non-vault XP
 B = Vault XP
 C = Vault XP percentage of total XP
 D = Non-vault monster count
 E = Vault monster count
 F = Vault count percentage of total count
                 A         B        C        D         E       F
            +---------+---------+-------+---------+---------+-------
      Total |       0 |       0 |   N/A |       0 |       0 |  -nan
            +---------+---------+-------+---------+---------+-------
            +---------+---------+-------+---------+---------+-------
